AoeStats
← ElverGun4U

Arabia

508252805Analyzed
1v1 RM · 10d ago on Sep 21, 2026· 43m 8s· 2 players
Game mode
Random Map
Map size
Tiny (2 player)
Population
200
Speed
Normal
Resources
Standard
Victory
Conquest
Starting age
Dark Age
Ending age
Imperial Age
RankedLock teamsTeams togetherTeam positionsShared explorationLock speedFull tech treeHidden civsTurbo modeCheats
Victory
Defeat
🇨🇴 Persians · Colombia
747
+17
🇮🇪 Bengalis · Ireland
761
-17
ElverGun4U
2:49 Loom
11:09 Feudal Age
12:41 Double-Bit Axe
17:52 Horse Collar
18:33 Fletching
23:17 Castle Age
22:37 Bloodlines
22:39 Scale Barding Armor
23:58 Bow Saw
23:46 Stone Mining
23:24 Crossbowman
25:18 Bodkin Arrow
25:40 Heavy Plow
27:07 Wheelbarrow
28:51 Padded Archer Armor
28:39 Elite Skirmisher
33:35 Thumb Ring
34:30 Kamandaran
36:15 Hand Cart
36:42 Ballistics
36:37 Forging
39:53 Iron Casting
41:20 Chain Barding Armor
beazzlebub
11:04 Feudal Age
11:32 Double-Bit Axe
13:26 Loom
18:54 Wheelbarrow
21:21 Castle Age
21:30 Fletching
22:16 Bloodlines
24:22 Husbandry
25:28 Scale Barding Armor
27:55 Bodkin Arrow
28:06 Padded Archer Armor
30:36 Squires
29:57 Man-at-Arms
30:23 Arson
30:24 Gambesons
30:42 Scale Mail Armor
30:53 Forging
31:05 Chain Barding Armor
31:54 Bow Saw
31:41 Long Swordsman
34:16 Town Watch
35:00 Hand Cart
35:21 Horse Collar
37:28 Heavy Plow
41:14 Ballistics
43:27 Imperial Age
43:15 Iron Casting
42:56 Leather Archer Armor
42:57 Chain Mail Armor
Connection lost

Rejoining the realm…

Still unreachable

The connection could not be restored.

Session expired

The server has moved on; the page needs a fresh start.